 Dungeon Crawl Stone Soup version 0.31-a0-986-g5e6e4ef867 (webtiles) character file.

Game seed: 2731204161775143449

5071 Whiskey the Mimic (level 10, -12/109 HPs)
             Began as a Troll Shapeshifter on Nov 4, 2023.
             Was a Believer of Qazlal.
             Mangled by Erolcha
             ... wielding a +0 giant spiked club
              (26 damage)
             ... on level 9 of the Dungeon.
             The game lasted 00:20:17 (8487 turns).

Whiskey the Mimic (Troll Shapeshifter)              Turns: 8487, Time: 00:20:18

Health: -12/109    AC: 10    Str: 29    XL:     10   Next: 31%
Magic:  12/12      EV:  9    Int: 10    God:    Qazlal [**....]
Gold:   442        SH:  3    Dex:  9    Spells: 9/9 levels left

rFire   . .          .
                       - Unarmed
rCold   . . .        (shield currently unavailable)
rNeg    . . .        E - melded +1 robe of Foolhardiness {rPois rF+}
rPois   +            J - melded +2 hat
rElec   .            x - melded +0 cloak
rCorr   .            (gloves unavailable)
SInv    .            (boots unavailable)
Will    +....        (no amulet)
Stlth   +            C - ring of willpower
HPRegen 1.18/turn    D - ring of poison resistance {rPois, !d}
MPRegen 0.13/turn

%: no passive effects
@: snake-form
A: constrict, boosted hp, large, unfitting armour, (claws 3), regeneration 1,
(shaggy fur 1), (tough skin 1)
a: Begin Untransformation, Renounce Religion, Upheaval


You were on level 9 of the Dungeon.
You worshipped Qazlal.
Qazlal was pleased with you.
You were an enormous anaconda.
You visited 2 branches of the dungeon, and saw 10 of its levels.
You also visited: Sewer.

You collected 442 gold pieces.

Inventory:

Hand Weapons
 w - a +3 quarterstaff of chaos
   (You took it off Crazy Yiuf on level 3 of the Dungeon)
 A - a +4 sling
   (You found it on level 8 of the Dungeon)
 K - a +0 short sword of protection
   (You took it off an orc on level 6 of the Dungeon)
Missiles
 O - 2 throwing nets {=f, !d}
Armour
 c - a +0 robe
   (You took it off a wight on level 9 of the Dungeon)
 u - a +0 robe
   (You took it off a wight on level 9 of the Dungeon)
 x - a +0 cloak (melded)
   (You took it off Crazy Yiuf on level 3 of the Dungeon)
 E - the +1 robe of Foolhardiness (melded) {rPois rF+}
   (You found it on level 5 of the Dungeon)

   rF+:       It protects you from fire.
   rPois:     It protects you from poison
 F - a +0 robe
   (You took it off a wight on level 9 of the Dungeon)
 I - a +0 robe
   (You took it off a wight on level 9 of the Dungeon)
 J - a +2 hat (melded)
   (You found it on level 6 of the Dungeon)
Jewellery
 g - a ring of positive energy {rN+}
   (You found it on level 1 of the Dungeon)
 s - a ring of positive energy {rN+}
   (You found it on level 4 of the Dungeon)
 C - a ring of willpower (left hand)
   (You found it on level 4 of the Dungeon)
 D - a ring of poison resistance (right hand) {rPois, !d}
   (You found it on level 5 of the Dungeon)
 P - a ring of resist corrosion
   (You found it on level 6 of the Dungeon)
Talismans
 d - a flux talisman
 H - a serpent talisman (active)
   (You found it on level 5 of the Dungeon)
Wands
 B - a wand of flame (15)
   (You found it in a sewer)
 G - a wand of paralysis (18)
   (You found it on level 5 of the Dungeon)
 R - a wand of polymorph (9)
   (You found it on level 7 of the Dungeon)
 S - a wand of mindburst (19)
   (You found it on level 7 of the Dungeon)
Scrolls
 e - 2 scrolls of enchant armour {unknown}
 f - a scroll of revelation {unknown}
 h - 3 scrolls of teleportation
 i - 3 scrolls of amnesia {unknown}
 j - 6 scrolls of noise {!r}
 l - 3 scrolls of vulnerability {unknown}
 q - 4 scrolls of blinking {!r}
 t - 2 scrolls of fear {unknown}
 y - 2 scrolls of enchant weapon {unknown}
 z - 2 scrolls of butterflies {unknown}
 M - 2 scrolls of poison {unknown}
 N - a scroll of immolation {unknown}
Potions
 a - 2 potions of cancellation {unknown}
 b - 5 potions of lignification {!q}
 k - 3 potions of curing
 m - 3 potions of resistance
 n - 2 potions of attraction {unknown}
 o - 2 potions of haste {unknown}
 p - 3 potions of might
 r - a potion of enlightenment {unknown}
 v - a potion of berserk rage {unknown}
 L - 2 potions of invisibility {unknown}
 Z - a potion of mutation {unknown}


   Skills:
 - Level 3.0 Fighting
 - Level 1.5 Dodging
 + Level 7.2 Unarmed Combat
 + Level 4.9 Invocations
 * Level 11.5 Shapeshifting


You had 9 spell levels left.
You didn't know any spells.
Your spell library contained the following spells:

 Spells                   Type           Power      Damage    Failure   Level
 Apportation              Tloc           0%         N/A       36%         1
 Necrotise                Necr           0%         1d4       36%         1
 Summon Small Mammal      Summ           0%         N/A       36%         1
 Ensorcelled Hibernation  Hex/Ice        0%         N/A       50%         2
 Passwall                 Tmut/Erth      0%         N/A       50%         2
 Call Canine Familiar     Summ           0%         N/A       75%         3
 Sigil of Binding         Hex            0%         N/A       75%         3
 Swiftness                Air            0%         N/A       75%         3
 Dimensional Bullseye     Hex/Tloc       0%         N/A       98%         4
 Leda's Liquefaction      Hex/Erth       0%         N/A       98%         4
 Summon Ice Beast         Ice/Summ       0%         N/A       98%         4
 Summon Forest            Summ/Tloc      0%         N/A       100%        5
 Summon Mana Viper        Hex/Summ       0%         N/A       100%        5
 Eringya's Noxious Bog    Tmut/Pois      0%         4d6       100%        6
 Monstrous Menagerie      Summ           0%         N/A       100%        7
 Summon Hydra             Summ           0%         N/A       100%        7


Dungeon Overview and Level Annotations

Branches:
Dungeon (9/15)             Temple (1/1) D:4            Lair (0/5) D:9
  Sewer (visited)
    Orc: D:9-12

Altars:
Ashenzari
Cheibriados
Dithmenos
Elyvilon
Fedhas
Gozag
Hepliaklqana
Kikubaaqudgha
Makhleb
Nemelex Xobeh
Okawaru
Qazlal
Ru
Sif Muna
Trog
Uskayaw
Vehumet
Wu Jian
Yredelemnul
Zin
The Shining One

Shops:
D:3 (   D:6 *   D:8 (

Annotations:
D:9 2 transporters, Erolcha; dragonking145's ghost, journeyman GrFi
Temple 2 transporters


Innate Abilities, Weirdness & Mutations

You are an enormous anaconda.
You have a powerful constriction melee attack.
Your maximum health is increased.
Your armour is entirely melded.
You are incapable of wielding weapons or throwing items.
You are too large for most types of armour.
((You have claws for hands.))
Your natural rate of healing is unusually fast.
((You are covered in fur. (AC +1)))
((You have tough skin. (AC +1)))


Message History

You take 8 damage, and have 101/108 hp.
You body-slam the wight!!
You destroy the wight!
Qazlal accepts your kill.
Your life force feels restored.
No reachable target in view!
Lash: -) Nothing wielded
Press: ? - help, Dir - move target, f - dragonking145's ghost
Aim: dragonking145's ghost, wielding a weapon of freezing (fire blocked by a translucent stone wall, about 32% to evade your hands)
You can't get through.
Okay, then.
I - a +0 robe You see here a +4 long sword.
Health restored: 109 You see here a +4 long sword.
You see here a +4 long sword.
You open the door.
There is an open door here.
There is an open door here.
Found a stone staircase leading up.
m - 3 potions of resistance (gained 1)
You open the door.
There is an open door here.
You open the door.
There is an open door here.
You open the door.
Erolcha the Cunning comes into view.
She is wielding a +0 giant spiked club and wearing a +0 robe of positive energy.
Erolcha shouts!
Erolcha gestures wildly while chanting.
Erolcha flickers and vanishes!
Deactivating autopickup; reactivate with Ctrl-A.
Found a stone staircase leading down.
As you close the door, it creaks loudly!
There is an open door here.
There is an open door here.
There is a stone staircase leading up here.
You start waiting.
Done waiting.
There is a stone staircase leading up here.
The queen bee buzzes angrily.
You hear an angry buzzing noise. x2
The meliai buzzes angrily.
There is a transporter here.
Dragonking145's ghost turns its malevolent gaze towards you.
You hear an angry buzzing noise. x2
The killer bee buzzes angrily.
You hear an angry buzzing noise.
The killer bee buzzes angrily.
Erolcha shouts!
You close the door.
You start waiting.
Something unseen breaks down the door.
Erolcha hits you with a +0 giant spiked club!!!
You take 44 damage, and have 65/109 hp.
MASSIVE DAMAGE!!
You closely miss Erolcha. You grab Erolcha. You constrict Erolcha.
You hit Erolcha but do no damage. You constrict Erolcha.
Erolcha mumbles some strange words.
Erolcha blinks free!
You regained 2 hp, and now have 70/109 hp.
The killer bee buzzes angrily.
You regained 2 hp, and now have 76/109 hp.
You regained 2 hp, and now have 83/109 hp.
You regained 2 hp, and now have 89/109 hp.
Erolcha gestures wildly while chanting.
Erolcha flickers and vanishes!
You regained 2 hp, and now have 96/109 hp.
You regained 2 hp, and now have 102/109 hp.
There is a stone staircase leading up here.
You climb upwards.
Reactivating autopickup.
There is a stone staircase leading down here.
You regained 3 hp, and now have 108/109 hp.
You're wearing all the rings you can.
Remove which one? (? for menu, Esc to cancel) < or
g - a ring of positive energy {rN+} > or
D - a ring of poison resistance {rPois, !d} You remove your ring of positive energy {rN+}.
C - a ring of willpower (left hand) Health restored: 109 You climb downwards.
Level annotation: 2 transporters, Erolcha; dragonking145's ghost, journeyman GrFi
There is a stone staircase leading up here.
There is an open door here.
You hear some strange, mumbled words.
A fireball appears from out of thin air!
The fireball explodes!
Deactivating autopickup; reactivate with Ctrl-A.
The fireball engulfs you!!
You take 28 damage, and have 81/109 hp.
MASSIVE DAMAGE!!
You regained 2 hp, and now have 84/109 hp.
You hear some strange, mumbled words.
A fireball appears from out of thin air!
The fireball explodes!
The fireball engulfs you!
You hear a sizzling sound!
You take 9 damage, and have 75/109 hp.
Something hits you!!
You take 24 damage, and have 51/109 hp.
MASSIVE DAMAGE!!
Something hits you!!!
* * * LOW HITPOINT WARNING * * *
You take 39 damage, and have 13/109 hp.
MASSIVE DAMAGE!!
Something hits you!!
You die...

..> #.# #.. #+# #.# ### ##.#
#.# #..# #.# #.##
####.######## ###'#######
#...........#
#.........###<..........###
#.........#................
#.........S.#...........##.
###########################
######### ##.######## ##[#
#.....#.###..##..##.###.##
#####..##....#...####..[.#
##.# #..........)...#.#####
#..###.#.†...........########
#..'#....###...#..........#.#
####>..####......#........[.##


There were no monsters in sight!

Vanquished Creatures
  A cyclops (D:8)
  Jeremiah (D:9)
  A komodo dragon (D:9)
  Prince Ribbit (D:9)
  2 basilisks (D:9)
  3 steam dragons
  A water moccasin (D:5)
  An orc warrior (D:6)
  Pargi (Sewer)
  A black bear (D:5)
  An ice beast (D:7)
  A sky beast (D:5)
  6 ogres
  A phantom (D:5)
  6 centaurs
  A bullfrog (D:8)
  2 scorpions
  10 wights
  9 killer bees
  A howler monkey (D:6)
  A hound (D:6)
  3 jellies
  Crazy Yiuf (D:3)
  3 orc priests
  Jessica (D:3)
  An iguana (D:4)
  2 sleepcaps
  2 orc wizards
  8 adders
  2 river rats (D:4)
  A shadow imp (D:7)
  3 white imps
  3 worms
  3 dart slugs
  24 orcs
  10 endoplasms
  3 giant cockroaches
  8 goblins
  8 hobgoblins
  7 jackals
  3 quokkas
  4 ball pythons
  8 bats
  6 frilled lizards
  4 kobolds
  2 rats
172 creatures vanquished.

Vanquished Creatures (others)
  A white imp (D:7)
1 creature vanquished.

Grand Total: 173 creatures vanquished

Notes
Turn   | Place    | Note
-------+----------+-------------------------------------------
     0 | D:1      | Whiskey the Troll Shapeshifter began the quest for the Orb.
     0 | D:1      | Reached XP level 1. HP: 18/18 MP: 0/0
    46 | D:1      | Reached skill level 1 in Fighting
    67 | D:1      | Reached XP level 2. HP: 27/27 MP: 1/1
   400 | D:1      | Reached XP level 3. HP: 31/33 MP: 2/2
   885 | D:2      | Reached XP level 4. HP: 41/41 MP: 3/3
   937 | D:2      | Found a bloodstained altar of Trog.
  1213 | D:3      | Reached skill level 4 in Shapeshifting
  1269 | D:3      | Found Yrikhl Qess's Weapon Emporium.
  1534 | D:3      | Found a broken altar of Ashenzari.
  1636 | D:3      | Noticed Jessica
  1640 | D:3      | Killed Jessica
  1641 | D:3      | Reached skill level 2 in Fighting
  1641 | D:3      | Reached XP level 5. HP: 49/49 MP: 4/4
  1658 | D:3      | Reached skill level 4 in Unarmed Combat
  1867 | D:3      | Found a sacrificial altar of Ru.
  1990 | D:3      | Found a runed translucent door.
  1991 | D:3      | Noticed Crazy Yiuf
  1998 | D:3      | Killed Crazy Yiuf
  2163 | D:4      | Found a staircase to the Ecumenical Temple.
  2172 | Temple   | Found a transporter.
  2172 | Temple   | Found a transporter.
  2172 | Temple   | Found a transporter.
  2172 | Temple   | Found a transporter.
  2172 | Temple   | Entered the Ecumenical Temple
  2187 | Temple   | Became a worshipper of Qazlal Stormbringer
  2302 | D:4      | Reached XP level 6. HP: 59/59 MP: 5/5
  2360 | D:4      | Found an ornate altar of the Wu Jian Council.
  2375 | D:4      | Found a snail-covered altar of Cheibriados.
  2491 | D:4      | Found a glowing drain.
  2496 | D:4      | Reached skill level 5 in Shapeshifting
  2504 | Sewer    | Entered a sewer
  2563 | Sewer    | Noticed Pargi
  2577 | Sewer    | Killed Pargi
  2729 | D:4      | Reached skill level 3 in Fighting
  3038 | D:4      | Reached XP level 7. HP: 67/67 MP: 6/6
  3172 | D:5      | Entered Level 5 of the Dungeon
  3209 | D:5      | Reached skill level 5 in Unarmed Combat
  3209 | D:5      | Reached skill level 6 in Shapeshifting
  3377 | D:5      | Reached skill level 7 in Shapeshifting
  3377 | D:5      | Reached XP level 8. HP: 71/75 MP: 7/7
  3430 | D:5      | Identified the +1 robe of Foolhardiness {rPois rF+}
  3736 | D:5      | Reached * piety under Qazlal
  3737 | D:5      | Reached skill level 6 in Unarmed Combat
  4088 | D:5      | Found a glowing silver altar of Zin.
  4088 | D:5      | Noticed an angel
  4445 | D:6      | Reached skill level 8 in Shapeshifting
  4537 | D:6      | Found Meleump's General Store.
  4902 | D:6      | Reached skill level 9 in Shapeshifting
  5409 | D:7      | Reached skill level 1 in Invocations
  5413 | D:7      | Reached XP level 9. HP: 56/81 MP: 7/9
  5499 | D:7      | Reached ** piety under Qazlal
  5915 | D:7      | You fall into a shaft and drop 2 floors!
  5931 | D:9      | Found a hide-covered altar of Uskayaw.
  5958 | D:9      | Reached skill level 2 in Invocations
  5967 | D:9      | Reached skill level 10 in Shapeshifting
  6035 | D:9      | Found a radiant altar of Vehumet.
  6035 | D:9      | Noticed Jeremiah
  6062 | D:9      | Killed Jeremiah
  6063 | D:9      | Reached skill level 3 in Invocations
  6081 | D:9      | Found a burning altar of Makhleb.
  6128 | D:9      | Found a white marble altar of Elyvilon.
  6241 | D:9      | Noticed Prince Ribbit
  6246 | D:9      | Killed Prince Ribbit
  6254 | D:9      | Noticed a komodo dragon
  6270 | D:9      | Killed a komodo dragon
  6276 | D:9      | Reached skill level 4 in Invocations
  6397 | D:9      | Found a staircase to the Lair.
  6416 | D:9      | Reached skill level 11 in Shapeshifting
  6639 | D:8      | Noticed a cyclops
  6673 | D:8      | Killed a cyclops
  6674 | D:8      | Reached XP level 10. HP: 91/91 MP: 12/12
  6702 | D:8      | Reached skill level 7 in Unarmed Combat
  6752 | D:8      | Found Bibb's Antique Weapon Emporium.
  7529 | D:8      | Found a glowing golden altar of the Shining One.
  8144 | D:9      | Noticed dragonking145's ghost (journeyman GrFi)
  8220 | D:9      | Found a transporter.
  8253 | D:9      | Noticed Erolcha
  8405 | D:9      | Found a transporter.
  8486 | D:9      | HP: 13/109 [something (40)]
  8487 | D:9      | Mangled by Erolcha

Illustrated notes

Levels and vault maps discovered:
D:1:      amcnicky_arrival_gap_in_the_tavern_cellar, layout_basic,
          nicolae_twisty_statue_hallways
D:2:      layout_loops_ring, basic_altar
D:3:      layout_loops_ring, lemuel_round_altar,
          nicolae_ru_the_path_less_chosen, serial_shops,
          nicolae_shop_bloodbath_and_beyond, uniq_crazy_yiuf_cottage,
          uniq_jessica
D:4:      layout_cave_pods, lemuel_round_altar, nicolae_overflow_hidden_temple,
          minmay_temple_entry_statues_pillars, portal_sewer_entry_b
D:5:      layout_basic, zin_angel
D:6:      layout_basic, serial_shops, nicolae_shop_advertising_works
          [nicolae_subvault_shop_adworks]
D:7:      layout_basic
D:8:      layout_gridville, mainiacjoe_overflow_six_doors_small, serial_shops,
          shop, chequers_serial_rivers_marsh
D:9:      layout_roguey, mainiacjoe_overflow_alcove_4, kennysheep_mini_moat,
          vehumet_altar_wand_db, mainiacjoe_overflow_surrounded_room,
          erik_lair_dragon, gammafunk_ghost_hive, uniq_jeremiah, uniq_erolcha,
          uniq_prince_ribbit1, uniq_pikel
Temple:   hellmonk_temple_divided_pantheon

Skill      XL: |  1  2  3  4  5  6  7  8  9 10 |
---------------+-------------------------------+-----
Fighting       | 1 2 3 |  3.0
Shapeshifting  | 4 5 7 9 11 | 11.5
Unarmed Combat | 4 5 6 7 |  7.2
Invocations    | 1 4 |  4.9
Dodging        | |  1.5

Action                     |  1- 3 |  4- 6 |  7- 9 | 10-12 || total
---------------------------+-------+-------+-------+-------++-------
  Melee: Unarmed           |    82 |   117 |   175 |    51 ||   425
         Punch             |     1 |     2 |     1 |       ||     4
         Constrict         |       |       |    33 |    10 ||    43
    Use: Scroll            |       |       |       |     6 ||     6
   Stab: Sleeping          |     1 |       |       |       ||     1
 Armour: Animal skin       |    58 |    69 |    20 |       ||   147
         Skin              |       |       |   149 |    54 ||   203
  Dodge: Dodged            |    37 |    44 |    75 |    24 ||   180
  Block: Other             |       |       |     7 |     4 ||    11
   Form: Beast             |       |     2 |     1 |       ||     3
                           |       |     1 |     1 |       ||     2
         Anaconda          |       |       |     2 |       ||     2

Table legend: (Time is in decaauts)
 A = Elapsed time spent in this place.
 B = Non-inter-level travel time spent in this place.
 C = Inter-level travel time spent in this place.
 D = Time resting spent in this place.
 E = Time spent auto-exploring this place.
 F = Levels seen in this place.
 G = Mean time per level.
                   A        B        C        D        E       F      G
               +--------+--------+--------+--------+--------+-----+--------+
         Total |   8443 |   8163 |    280 |    321 |   6261 |  11 |  767.5 |
       Dungeon |   8266 |   7993 |    273 |    302 |   6180 |   9 |  918.4 |
        Temple |     30 |     23 |      7 |      0 |      0 |   1 |   30.0 |
         Sewer |    146 |    146 |      0 |     19 |     81 |   1 |  146.0 |
               +--------+--------+--------+--------+--------+-----+--------+

Top non-repeatable levels by time:
     D:9: 1106 daAuts
     D:5: 1069 daAuts
     D:8: 1061 daAuts
     D:7: 1057 daAuts
     D:6: 994 daAuts
     D:4: 910 daAuts
     D:3: 877 daAuts
     D:2: 666 daAuts
     D:1: 523 daAuts
   Sewer: 146 daAuts
  Temple: 30 daAuts

Levels and vault maps discovered:
D:1:      amcnicky_arrival_gap_in_the_tavern_cellar, layout_basic,
          nicolae_twisty_statue_hallways
D:2:      layout_loops_ring, basic_altar
D:3:      layout_loops_ring, lemuel_round_altar,
          nicolae_ru_the_path_less_chosen, serial_shops,
          nicolae_shop_bloodbath_and_beyond, uniq_crazy_yiuf_cottage,
          uniq_jessica
D:4:      layout_cave_pods, lemuel_round_altar, nicolae_overflow_hidden_temple,
          minmay_temple_entry_statues_pillars, portal_sewer_entry_b
D:5:      layout_basic, zin_angel
D:6:      layout_basic, serial_shops, nicolae_shop_advertising_works
          [nicolae_subvault_shop_adworks]
D:7:      layout_basic
D:8:      layout_gridville, mainiacjoe_overflow_six_doors_small, serial_shops,
          shop, chequers_serial_rivers_marsh
D:9:      layout_roguey, mainiacjoe_overflow_alcove_4, kennysheep_mini_moat,
          vehumet_altar_wand_db, mainiacjoe_overflow_surrounded_room,
          erik_lair_dragon, gammafunk_ghost_hive, uniq_jeremiah, uniq_erolcha,
          uniq_prince_ribbit1, uniq_pikel
Temple:   hellmonk_temple_divided_pantheon

Table legend: (Time is in decaauts)
 A = Elapsed time spent in this place.
 B = Non-inter-level travel time spent in this place.
 C = Inter-level travel time spent in this place.
 D = Time resting spent in this place.
 E = Time spent auto-exploring this place.
 F = Levels seen in this place.
 G = Mean time per level.
                   A        B        C        D        E       F      G
               +--------+--------+--------+--------+--------+-----+--------+
         Total |   8443 |   8163 |    280 |    321 |   6261 |  11 |  767.5 |
       Dungeon |   8266 |   7993 |    273 |    302 |   6180 |   9 |  918.4 |
        Temple |     30 |     23 |      7 |      0 |      0 |   1 |   30.0 |
         Sewer |    146 |    146 |      0 |     19 |     81 |   1 |  146.0 |
               +--------+--------+--------+--------+--------+-----+--------+

Top non-repeatable levels by time:
     D:9: 1106 daAuts
     D:5: 1069 daAuts
     D:8: 1061 daAuts
     D:7: 1057 daAuts
     D:6: 994 daAuts
     D:4: 910 daAuts
     D:3: 877 daAuts
     D:2: 666 daAuts
     D:1: 523 daAuts
   Sewer: 146 daAuts
  Temple: 30 daAuts

Table legend:
 A = Kills in this place as a percentage of kills in the entire game.
 B = Kills by you in this place as a percentage of kills by you in the entire game.
 C = Kills by friends in this place as a percentage of kills by friends in the entire game.
 D = Other kills in this place as a percentage of other kills in the entire game.
 E = Experience gained in this place as a percentage of experience gained in the entire game.
 F = Experience gained in this place divided by the number of levels of this place that you have seen.
                   A       B       C       D       E      F
               +-------+-------+-------+-------+-------+----------------------
         Total | 100.0 | 100.0 |   N/A |   N/A | 100.0 | 658.6
       Dungeon |  97.7 |  97.7 |   N/A |   N/A |  98.2 | 790.6
         Sewer |   2.3 |   2.3 |   N/A |   N/A |   1.8 | 130.0
               +-------+-------+-------+-------+-------+----------------------
